 Dungeon Crawl Stone Soup version 0.23.2-40-g277498a001 (webtiles) character file.

Game seed: 7912475672293899007

791 MalarOregon the Caller (level 7, 0/52 HPs)
             Began as a Merfolk Summoner on Aug 19, 2019.
             Slain by a hornet (13 damage)
             ... while paralysed by a hornet
             ... on level 5 of the Dungeon.
             The game lasted 00:19:40 (6847 turns).

MalarOregon the Caller (Merfolk Summoner)           Turns: 6847, Time: 00:19:41

Health: 0/52       AC:  4    Str:  9    XL:     7   Next: 88%
Magic:  12/12      EV:  2    Int: 16    God:
Gold:   319        SH:  0    Dex: 14    Spells: 3/13 levels left

rFire    . . .     SeeInvis .   b - +3 dagger (venom)
rCold    . . .     Gourm    .   d - +0 buckler
rNeg     . . .     Faith    .   a - +0 robe
rPois    .         Spirit   .   (no helmet)
rElec    .         Reflect  .   (no cloak)
rCorr    .         Harm     .   (no gloves)
MR       .....                  i - +1 pair of boots
Stlth    ++........             (no amulet)
HPRegen  0.17/turn              (no ring)
MPRegen  0.13/turn              (no ring)

@: paralysed, lethally poisoned (0 -> -5), slowed
A: change form in water, swift swim, stealthy swim
a: no special abilities


You were on level 5 of the Dungeon.
You were very hungry.

You visited 1 branch of the dungeon, and saw 5 of its levels.
You also visited: Sewer.

You collected 319 gold pieces.

Inventory:

Hand Weapons
 b - a +3 dagger of venom (weapon)
   (You took it off a kobold on level 1 of the Dungeon)
 t - a +0 spear
   (You found it on level 3 of the Dungeon)
 w - a +1 rapier of holy wrath
   (You found it on level 4 of the Dungeon)
Armour
 a - a +0 robe (worn)
 d - a +0 buckler (worn)
   (You found it on level 1 of the Dungeon)
 f - a +0 large shield
   (You found it on level 1 of the Dungeon)
 i - a +1 pair of boots (worn)
   (You found it on level 1 of the Dungeon)
 l - a +0 helmet
   (You found it on level 4 of the Dungeon)
Scrolls
 g - 8 scrolls of teleportation {@r4}
 o - a scroll of enchant weapon
 p - 3 scrolls of identify {@r1}
 q - 2 scrolls of remove curse {@r2}
 u - 3 scrolls of fog
 v - a scroll of magic mapping
 x - a scroll of blinking
 y - a scroll of enchant armour
Potions
 c - 3 potions of resistance {unknown}
 h - a potion of heal wounds {@q2}
 j - 4 potions of brilliance
 k - 2 potions of might {unknown}
 m - a potion of magic {unknown}
 n - 3 potions of haste {unknown}
 r - 4 potions of curing {@q1}
 s - a potion of cancellation {unknown}
Comestibles
 e - 9 rations {!d}


   Skills:
 + Level 3.6 Fighting
 + Level 5.1 Dodging
 - Level 2.1 Stealth
 + Level 3.2 Shields
 + Level 3.6 Spellcasting
 * Level 6.2 Summonings


You had 3 spell levels left.
You knew the following spells:

 Your Spells              Type           Power        Failure   Level  Hunger
a - Summon Small Mammal   Summ           ###.         1%          1    None
c - Call Canine Familiar  Summ           ###.....     4%          3    ###....
d - Summon Ice Beast      Ice/Summ       ##......     45%         4    ####...
x - Call Imp              Summ           ###.....     2%          2    ##.....

Your spell library contained the following spells:

 Spells                   Type           Power        Failure   Level  Hunger
 Summon Guardian Golem    Hex/Summ       ##......     16%         3    ###....
 Magic Dart               Conj           #...         19%         1    None
 Sandblast                Erth           #.....       19%         1    None
 Blink                    Tloc           N/A          28%         2    ##.....
 Passwall                 Tmut/Erth      #.......     28%         2    ##.....
 Slow                     Hex            #.......     28%         2    ##.....
 Conjure Flame            Conj/Fire      #.......     50%         3    ###....
 Mephitic Cloud           Conj/Pois/Air  #.......     50%         3    ###....
 Stone Arrow              Conj/Erth      #.....       50%         3    ###....
 Summon Lightning Spire   Summ/Air       ##......     45%         4    ####...
 Petrify                  Tmut/Erth      #.......     88%         4    ####...
 Lee's Rapid Deconstruct  Erth           #.........   99%         5    ######.


Dungeon Overview and Level Annotations

Branches:
Dungeon (5/15)
 Temple: D:4-7

Altars:
Cheibriados
Nemelex Xobeh
Uskayaw


Message History

A jackal comes into view.
A jackal comes into view. x2
The jackal moves out of view.
There are monsters nearby!
You strike the helpless jackal from behind!
You hit the jackal.
You kill the jackal!
A jackal comes into view.
There are monsters nearby!
A hornet comes into view.
The hornet buzzes angrily.
The jackal barks!
You see here a jackal corpse.
There are monsters nearby!
The jackal barks!
You block the jackal's attack.
You barely miss the jackal. The jackal barely misses you.
The jackal completely misses you.
You miss the jackal. The jackal misses you.
You hit the jackal but do no damage.
The jackal is poisoned.
You block the jackal's attack. The jackal bites you.
You barely miss the jackal. The jackal misses you.
You barely miss the jackal.
The jackal bites you but does no damage.
You hit the jackal.
The jackal looks as sick as possible!
The jackal misses you.
The jackal bites you but does no damage.
You closely miss the jackal.
You kill the jackal!
You hit the jackal.
The jackal is poisoned.
The jackal closely misses you. You block the jackal's attack.
You hit the jackal.
You kill the jackal!
You hit the jackal.
The jackal is poisoned.
The jackal bites you but does no damage.
You hit the jackal.
The jackal looks as sick as possible!
You kill the jackal!
The hornet barely misses you.
You hit the hornet but do no damage.
The hornet is poisoned.
The hornet stings you!
You feel yourself slow down. The hornet stings you!
You suddenly lose the ability to move!
You feel yourself speed up. The hornet stings you.
You feel yourself slow down. The hornet stings you!
* * * LOW HITPOINT WARNING * * *
You are poisoned.
You feel as though you will be slow longer.
The hornet stings you!
You die...

.......#.# #######.##
#.....# ..# #.# .....
#.# #.# ..... #.# #.#
... #.# #.# ... ..# #.#
#.# ### #.# #y# ##.##
#@# ###...# #.## #.....#
#..## ##.#...# ##†.##
###.....#########...####
............<..........+
###...#.#########...####
##.##.# #..## ####.#
#.##


You could see a hornet.

Vanquished Creatures
  A sky beast (D:5)
  2 bullfrogs
  A hound (D:4)
  3 orc priests
  An orc wizard (D:4)
  A worker ant (D:5)
  7 adders
  6 river rats
  A shadow imp (D:5)
  A worm (D:3)
  A dart slug (D:4)
  5 leopard geckos
  8 orcs
  6 bats
  3 giant cockroaches
  4 goblins
  9 hobgoblins
  6 jackals
  4 kobolds
  2 quokkas
  A ball python (Sewer)
  6 frilled lizards
  A giant cockroach zombie (D:5)
  A leopard gecko zombie (D:5)
  13 rats
94 creatures vanquished.

Vanquished Creatures (collateral kills)
  A phantom (D:4)
  A centaur (D:4)
  A bullfrog (Sewer)
  7 adders
  5 river rats (Sewer)
  An ooze (Sewer)
  2 worms (D:2)
  A dart slug (D:1)
  5 orcs
  2 bats (D:1)
  3 goblins
  3 hobgoblins
  A jackal (D:3)
  4 kobolds (D:1)
  7 ball pythons
  3 frilled lizards
  15 rats
62 creatures vanquished.

Vanquished Creatures (others)
  An orc (D:3)
1 creature vanquished.

Grand Total: 157 creatures vanquished

Notes
Turn   | Place    | Note
-------+----------+-------------------------------------------
     0 | D:1      | MalarOregon the Merfolk Summoner began the quest for the
                  | Orb.
     0 | D:1      | Reached XP level 1. HP: 13/13 MP: 3/3
   232 | D:1      | Reached XP level 2. HP: 8/20 MP: 1/5
   425 | D:1      | Learned a level 2 spell: Call Imp
  1139 | D:1      | Reached skill level 1 in Fighting
  1235 | D:1      | Reached XP level 3. HP: 21/26 MP: 6/6
  1353 | D:2      | Found a hide-covered altar of Uskayaw.
  1444 | D:2      | Found a sparkling altar of Nemelex Xobeh.
  1452 | D:2      | Reached skill level 1 in Shields
  2042 | D:2      | Reached XP level 4. HP: 7/32 MP: 4/7
  4022 | D:3      | Reached XP level 5. HP: 38/38 MP: 2/8
  4113 | D:3      | HP: 4/85 [bullfrog (5)]
  4118 | D:3      | Reached skill level 5 in Summonings
  4460 | D:3      | Reached XP level 6. HP: 33/44 MP: 8/10
  4484 | D:3      | Learned a level 3 spell: Call Canine Familiar
  4820 | D:4      | HP: 2/46 [centaur/arrow (7)]
  5152 | D:4      | Found a glowing drain.
  5162 | Sewer    | Entered a sewer
  5249 | Sewer    | Reached XP level 7. HP: 20/51 MP: 3/11
  5615 | D:4      | Reached skill level 6 in Summonings
  5878 | D:4      | Found a snail-covered altar of Cheibriados.
  6158 | D:5      | Entered Level 5 of the Dungeon
  6400 | D:5      | Reached skill level 5 in Dodging
  6506 | D:5      | Learned a level 4 spell: Summon Ice Beast
  6830 | D:5      | Noticed a hornet
  6845 | D:5      | Paralysed by a hornet for 3 turns
  6847 | D:5      | Slain by a hornet

Skill      XL: |  1  2  3  4  5  6  7 |
---------------+----------------------+-----
Fighting       | 1 2 3 |  3.6
Dodging        | 3 4 5 |  5.1
Shields        | 1 2 3 |  3.2
Summonings     | 5 6 |  6.2
Spellcasting   | 3 |  3.6
Stealth        | |  2.1

Action                   |  1- 3 |  4- 6 |  7- 9 || total
-------------------------+-------+-------+-------++-------
Melee: Unarmed           |    36 |       |       ||    36
       Dagger            |    78 |   161 |    86 ||   325
       Tailslap          |       |     3 |     5 ||     8
 Cast: Summon Small Mamm |    14 |       |       ||    14
       Call Imp          |     9 |    35 |    12 ||    56
       Call Canine Famil |       |     1 |     3 ||     4
  Use: Scroll            |       |     8 |     2 ||    10
       Potion            |       |     5 |     1 ||     6
 Stab: Sleeping          |     3 |       |     2 ||     5
       Distracted        |       |       |     1 ||     1
  Eat: Chunk             |     4 |     9 |     5 ||    18
       Ration            |       |     1 |       ||     1
Armor: Robe              |    17 |    30 |    14 ||    61
       Skin              |       |    21 |       ||    21
Dodge: Dodged            |    77 |   158 |    69 ||   304
Block: Buckler           |       |       |     6 ||     6
